 Dungeon Crawl Stone Soup version 0.18-a0-1267-gff090c1 (webtiles) character file.

1323 HEYYEYAAE the Digger (level 8, -9/57 HPs)
             Began as a Human Earth Elementalist on Feb 6, 2016.
             Was a Follower of Sif Muna.
             Killed from afar by a steam dragon (19 damage)
             ... with a ball of steam
             ... on level 6 of the Dungeon.
             The game lasted 00:15:22 (7119 turns).

HEYYEYAAE the Digger (Human Earth Elementalist)     Turns: 7119, Time: 00:15:22

Health: -9/57      AC: 11    Str:  9    XL:     8   Next: 90%
Magic:  2/14       EV: 13    Int: 17    God:    Sif Muna [*.....]
Gold:   220        SH:  4    Dex: 14    Spells: 2 memorised, 12 levels left

rFire  . . .     SeeInvis .     J - +1 dagger (elec)
rCold  . . .     Gourm    .     M - +2 leather armour {MR+}
rNeg   . . .     Faith    .     A - +0 buckler
rPois  .         Spirit   .     y - +0 helmet
rElec  .         Dismiss  .     (no cloak)
rCorr  .         Reflect  .     f - +0 pair of gloves
SustAt .         Harm     .     I - +0 pair of boots
MR     +....                    (no amulet)
Stlth  ++........               e - ring of wizardry
                                w - +3 ring of protection

@: very slightly contaminated, somewhat resistant to hostile enchantments,
unstealthy
A: no striking features
a: Channel Energy, Renounce Religion


You were on level 6 of the Dungeon.
You worshipped Sif Muna.
Sif Muna was aware of your devotion.
You were not hungry.

You visited 2 branches of the dungeon, and saw 8 of its levels.

You collected 327 gold pieces.
You spent 107 gold pieces at shops.

Inventory:

Hand Weapons
 n - a +0 spear
 J - a +1 dagger of electrocution (weapon)
Missiles
 x - 41 stones (quivered)
Armour
 f - a +0 pair of gloves (worn)
 y - a +0 helmet (worn)
 z - a +2 shield
 A - a +0 buckler (worn)
 I - a +0 pair of boots (worn)
 M - a +2 leather armour of magic resistance (worn)
Jewellery
 e - a ring of wizardry (right hand)
 w - a +3 ring of protection (left hand)
 F - an uncursed ring of resist corrosion
 L - an uncursed ring of sustain attributes {unknown}
Wands
 v - a wand of confusion (26/48)
Scrolls
 a - a scroll of identify
 g - 2 scrolls of enchant weapon {unknown}
 i - a scroll of random uselessness {unknown}
 l - 2 scrolls of noise {unknown}
 m - 2 scrolls of blinking {unknown}
 q - a scroll of fog {unknown}
 C - a scroll of recharging {unknown}
 D - a scroll of enchant armour {unknown}
 E - 4 scrolls of teleportation
 H - 3 scrolls of remove curse {unknown}
 K - a scroll of magic mapping {unknown}
Potions
 b - 2 potions of degeneration {unknown}
 h - 2 potions of lignification {unknown}
 j - a potion of might {unknown}
 k - a potion of curing
 o - a potion of invisibility {unknown}
 p - a potion of heal wounds {unknown}
 s - 2 potions of brilliance
 t - a potion of berserk rage {unknown}
 u - 3 potions of agility {unknown}
 B - a potion of cure mutation {unknown}
 G - 2 potions of flight {unknown}
Books
 c - a book of Geomancy

   Spells                             Type                      Level
   a - Sandblast                      Earth                        1
   b - Passwall                       Transmutation/Earth          2
   c - Stone Arrow                    Conjuration/Earth            3
   d - Petrify                        Transmutation/Earth          4
   e - Lee's Rapid Deconstruction     Earth                        5
Comestibles
 d - 3 bread rations
 r - 3 meat rations
 N - a beef jerky


   Skills:
 + Level 2.8 Fighting
 + Level 3.2 Armour
 + Level 4.1 Dodging
 - Level 2.0 Stealth
 + Level 2.2 Shields
 * Level 4.5 Spellcasting
   Level 1.0 Transmutations
 * Level 5.8 Earth Magic
 + Level 2.5 Invocations
 + Level 2.3 Evocations


You had 12 spell levels left.
You knew the following spells:

 Your Spells              Type           Power        Failure   Level  Hunger
a - Sandblast             Erth           ###...       1%          1    None
b - Stone Arrow           Conj/Erth      ##....       10%         3    ###....


Dungeon Overview and Level Annotations

Branches:
Dungeon (7/15)             Temple (1/1) D:4

Altars:
Ashenzari
Dithmenos
Elyvilon
Fedhas
Kikubaaqudgha
Makhleb
Okawaru
Pakellas
Ru
Sif Muna
Trog
Vehumet
Xom
Yredelemnul
Zin
The Shining One
Lugonu

Shops:
D:4 =*   D:5 [


Message History

You hit the steam dragon.
The steam dragon is severely wounded.
The steam dragon breathes steam at you. The ball of steam hits you!
* * * LOW HITPOINT WARNING * * *
Drink which item? (? for menu, Esc to quit)
You feel better.
You are engulfed in a cloud of scalding steam.
* * * LOW HITPOINT WARNING * * *
The steam dragon bites you but does no damage.
The steam dragon claws you.
* * * LOW HITPOINT WARNING * * *
Okay, then.
The steam dragon misses you. The steam dragon claws you.
* * * LOW HITPOINT WARNING * * *
Drink which item? (? for menu, Esc to quit)
You feel better. The steam dragon breathes steam at you.
The ball of steam hits you!
You die...

....#.... #.#####.....#
....# #.# #.#...#.....#
....# #.# #.#.#.#.....#
....# #.# #.#...#.....#
...<# #.# #.#..)#.....#
#'#####.###.#.#.#.....#
............#.....#+###
#.#####.#######§###.#
#.# #...).....@...# ..#
#########D##### ..# #.#
(.# #<...# #.#
..≈≈##### .c# .. ..#
..## ...#


You could see a steam dragon.

Vanquished Creatures
  Sigmund (D:5)
  A hippogriff (D:6)
  A water moccasin (D:5)
  A sky beast (D:5)
  A phantom (D:5)
  An ogre (D:6)
  A centaur (D:6)
  A scorpion (D:5)
  A hound (D:6)
  3 giant frog skeletons
  An orc wizard (D:5)
  Jessica (D:2)
  3 iguanas
  2 worker ants (D:5)
  A hound skeleton (D:4)
  The ghost of 4thArraOfDagon the Ducker, a weakling SpAK of Lugonu (D:3)
  A worker ant zombie (D:6)
  3 gnolls (D:2)
  7 adders
  2 oozes
  2 worms
  5 giant geckos
  11 orcs
  10 bats
  7 giant cockroaches
  3 goblins
  5 hobgoblins
  A jackal (D:1)
  11 kobolds
  4 quokkas
  A ball python (D:3)
  A giant cockroach zombie (D:5)
  A giant gecko skeleton (D:5)
  5 giant newts
  10 rats
111 creatures vanquished.

Notes
Turn   | Place    | Note
--------------------------------------------------------------
     0 | D:1      | HEYYEYAAE the Human Earth Elementalist began the quest for the Orb.
     0 | D:1      | Reached XP level 1. HP: 13/13 MP: 3/3
   489 | D:1      | Reached XP level 2. HP: 19/19 MP: 1/5
  1157 | D:1      | Reached XP level 3. HP: 24/24 MP: 3/6
  1712 | D:2      | Reached skill level 1 in Armour
  1712 | D:2      | Reached XP level 4. HP: 24/31 MP: 0/7
  1900 | D:2      | Reached skill level 1 in Fighting
  2079 | D:2      | Found a burning altar of Makhleb.
  2093 | D:2      | Found a glowing golden altar of the Shining One.
  2093 | D:2      | Noticed Jessica
  2095 | D:2      | Killed Jessica
  2095 | D:2      | Reached XP level 5. HP: 37/37 MP: 6/9
  2149 | D:2      | Found a blossoming altar of Fedhas.
  2153 | D:2      | Found a radiant altar of Vehumet.
  2370 | D:3      | Noticed 4thArraOfDagon's ghost (weakling SpAK)
  2385 | D:2      | Learned a level 3 spell: Stone Arrow
  3352 | D:3      | Found a white marble altar of Elyvilon.
  3382 | D:3      | Reached skill level 4 in Earth Magic
  3398 | D:3      | Found a glowing golden altar of the Shining One.
  3474 | D:3      | Killed 4thArraOfDagon's ghost
  3541 | D:3      | Found a shattered altar of Ashenzari.
  4259 | D:3      | Reached XP level 6. HP: 16/43 MP: 5/10
  4460 | D:4      | Found Ahoom's General Store.
  4606 | D:4      | Bought a scroll of identify for 22 gold pieces
  4606 | D:4      | Bought a scroll of teleportation for 33 gold pieces
  4693 | D:4      | Found a staircase to the Ecumenical Temple.
  4784 | Temple   | Entered the Ecumenical Temple
  4835 | Temple   | Became a worshipper of Sif Muna the Loreminder
  4874 | D:4      | Found Miwuanwa's Jewellery Boutique.
  4997 | D:4      | Found a shadowy altar of Dithmenos.
  5085 | D:4      | Found a shimmering altar of Xom.
  5085 | D:4      | Noticed an angel
  5088 | D:4      | Found a glowing silver altar of Zin.
  5365 | D:5      | Entered Level 5 of the Dungeon
  5439 | D:5      | Reached skill level 1 in Invocations
  5517 | D:5      | Reached XP level 7. HP: 32/49 MP: 5/12
  5619 | D:5      | Reached skill level 1 in Evocations
  5659 | D:5      | Noticed Sigmund
  5671 | D:5      | Killed Sigmund
  5671 | D:5      | Reached skill level 1 in Shields
  5761 | D:5      | Noticed a water moccasin
  5769 | D:5      | Killed a water moccasin
  5769 | D:5      | Reached skill level 5 in Earth Magic
  5769 | D:5      | Reached XP level 8. HP: 55/57 MP: 3/14
  5880 | D:5      | Found Mielunig's Antique Armour Shoppe.
  5884 | D:5      | Bought a glowing leather armour for 52 gold pieces
  6001 | D:5      | Reached * piety under Sif Muna
  6930 | D:6      | Found a basalt altar of Yredelemnul.
  7118 | D:6      | HP: 1/57 [steam dragon (5)]
  7119 | D:6      | Killed from afar by a steam dragon

Vault maps used:
D:1:      sevenhm_arrival_forest_fort_large_2
D:2:      grunt_temple_overflow_cloverleaf, uniq_jessica
D:3:      old_standard_altar, elyvilon_altar_4, tso_metal_star
D:4:      grunt_temple_overflow_order_and_chaos_1, kennysheep_mini_moat,
          minmay_temple_entry_glassed_door, first_bread, serial_shops, shop,
          nicolae_shop_stone
D:5:      serial_shops, shop, grunt_decor_clamped, uniq_sigmund
D:6:      kennysheep_steamy, kennysheep_mini, corexii_item_surrounded_by_moat,
          st_stairs_7
Temple:   corrupted_temple

Action                   |  1- 3 |  4- 6 |  7- 9 || total
-------------------------+-------+-------+-------++-------
Melee: Unarmed           |     2 |       |       ||     2
       Short sword       |    34 |       |       ||    34
       Spear             |       |   211 |       ||   211
       Dagger            |       |       |    89 ||    89
 Cast: Sandblast         |    50 |    37 |       ||    87
       Stone Arrow       |       |    13 |    28 ||    41
Evoke: Wand              |       |     4 |       ||     4
  Use: Scroll            |       |     2 |       ||     2
       Potion            |       |     1 |     2 ||     3
 Stab: Sleeping          |       |     9 |     2 ||    11
       Confused          |       |     3 |       ||     3
  Eat: Chunk             |     3 |     8 |     2 ||    13
       Pizza             |       |     1 |       ||     1
       Bread ration      |       |     1 |     1 ||     2
       Royal jelly       |       |     1 |       ||     1
